 Dungeon Crawl Stone Soup version 0.18.1-50-g88ac8fd (webtiles) character file.

293 lorenzova the Poker (level 6, -1/44 HPs)
             Began as a Merfolk Skald on Oct 18, 2016.
             Killed from afar by an orc wizard (8 damage)
             ... with a puff of flame
             ... on level 3 of the Dungeon.
             The game lasted 00:04:50 (3140 turns).

lorenzova the Poker (Merfolk Skald)                 Turns: 3140, Time: 00:04:51

Health: -1/44      AC:  4    Str: 14    XL:     6   Next: 33%
Magic:  10/11      EV: 13    Int: 11    God:
Gold:   113        SH:  0    Dex: 14    Spells: 2 memorised, 8 levels left

rFire  . . .     SeeInvis .     x - +0 trident
rCold  . . .     Gourm    .     b - +0 leather armour
rNeg   . . .     Faith    .     (no shield)
rPois  .         Spirit   .     y - +0 helmet
rElec  .         Dismiss  .     (no cloak)
rCorr  +         Reflect  .     (no gloves)
SustAt .         Harm     .     (no boots)
MR     .....                    (no amulet)
Stlth  +.........               (no ring)
                                h - ring of resist corrosion

@: very slightly contaminated, not resistant to hostile enchantments, very
unstealthy
A: change form in water, swift swim
a: no special abilities


You were on level 3 of the Dungeon.
You were hungry.

You visited 1 branch of the dungeon, and saw 4 of its levels.

You collected 113 gold pieces.

Inventory:

Hand Weapons
 a - a +0 spear
 x - a +0 trident (weapon)
Armour
 b - a +0 leather armour (worn)
 y - a +0 helmet (worn)
Jewellery
 f - an uncursed ring of flight
 h - a ring of resist corrosion (left hand)
 i - an uncursed ring of resist corrosion
Scrolls
 g - a scroll of amnesia
 l - a scroll of teleportation {unknown}
 p - a scroll of fear {unknown}
 r - a scroll of blinking {unknown}
 s - a scroll of identify
 t - a scroll of enchant armour {unknown}
 w - a scroll of remove curse {unknown}
Potions
 e - 2 potions of lignification
 k - a potion of agility
 m - 3 potions of curing
 o - a potion of resistance
 q - a potion of degeneration {unknown}
 v - a potion of berserk rage {unknown}
 z - a potion of might {unknown}
 A - a potion of cancellation {unknown}
 B - a potion of heal wounds {unknown}
 C - a potion of brilliance {unknown}
 D - a potion of ambrosia {unknown}
Books
 c - a book of Battle

   Spells                             Type                      Level
   a - Infusion                       Charms                       1
   b - Shroud of Golubria             Charms/Translocation         2
   c - Song of Slaying                Charms                       2
   d - Spectral Weapon                Hexes/Charms                 3
   e - Regeneration                   Charms/Necromancy            3
Comestibles
 d - 4 bread rations
 j - a slice of pizza
 n - a royal jelly
 u - 4 fruits
 E - a meat ration


   Skills:
 - Level 2.1 Fighting
 + Level 5.5 Polearms
 - Level 0.6 Armour
 + Level 4.2 Dodging
 + Level 3.3 Spellcasting
 + Level 4.5 Charms


You had 8 spell levels left.
You knew the following spells:

 Your Spells              Type           Power        Failure   Level  Hunger
a - Infusion              Chrm           ##..         8%          1    #......
b - Song of Slaying       Chrm           ##......     10%         2    ###....


Dungeon Overview and Level Annotations

Branches:
Dungeon (4/15)
 Temple: D:4-7

Altars:
Dithmenos
Qazlal
Ru


Message History

Something hits you but does no damage.
Casting: Infusion
Confirm with . or Enter, or press ? or * to list all spells.
You miscast Infusion.
You are very lightly contaminated with residual magic.
Your skin glows momentarily.
Something hits you but does no damage.
You miss something. Something hits you but does no damage.
Something barely misses you.
You puncture something! Something hits you but does no damage.
You miss something. Something hits you.
* * * LOW HITPOINT WARNING * * *
Something hits you.
* * * LOW HITPOINT WARNING * * *
You barely miss something. Something hits you.
* * * LOW HITPOINT WARNING * * *
You miss something.
You hear some strange, mumbled words.
A puff of flame appears from out of thin air!
The puff of flame hits you!
You die...

.....)..#.................##)####
........#..........###..#...÷####
........#...........###..##..##..
........#.....>......###....##...
######.###.........#<.###..##....
#.####......#.##.###..##..._
#...........#.##.#.....#....
#.........{.#.##....^..##...
#..........@#...........##..
#.........†.####........####
#####.#############..#......#
#.........#.......).##......#
#.........#......#######.####
#........).......# #....(.#
##................# #......#####
..................####...........
.................................


There were no monsters in sight!

Vanquished Creatures
  A scorpion (D:4)
  A crimson imp (D:3)
  An orc priest (D:3)
  An orc wizard (D:3)
  Natasha (D:2)
  A worker ant (D:3)
  3 adders
  A giant gecko (D:3)
  13 orcs
  2 ball pythons
  2 giant cockroaches
  4 hobgoblins
  11 jackals
  A quokka (D:2)
  8 bats
  4 giant newts
  7 goblins
  3 kobolds
  5 rats
70 creatures vanquished.

Notes
Turn   | Place    | Note
--------------------------------------------------------------
     0 | D:1      | lorenzova the Merfolk Skald began the quest for the Orb.
     0 | D:1      | Reached XP level 1. HP: 16/16 MP: 3/3
   151 | D:1      | Reached XP level 2. HP: 22/22 MP: 5/5
   159 | D:1      | Learned a level 2 spell: Song of Slaying
   408 | D:2      | HP: 1/22 [worm (10)]
   783 | D:2      | Found a shadowy altar of Dithmenos.
   869 | D:2      | Reached skill level 4 in Polearms
  1145 | D:2      | Reached XP level 3. HP: 24/27 MP: 2/6
  1290 | D:2      | Noticed Natasha
  1298 | D:2      | Killed Natasha
  1458 | D:2      | Reached XP level 4. HP: 33/33 MP: 7/7
  2015 | D:3      | Reached skill level 5 in Polearms
  2015 | D:3      | Reached XP level 5. HP: 7/38 MP: 1/9
  2774 | D:3      | Found a stormy altar of Qazlal.
  2891 | D:4      | Found a sacrificial altar of Ru.
  2941 | D:4      | Reached XP level 6. HP: 28/44 MP: 6/10
  3140 | D:3      | Killed from afar by an orc wizard

Skill      XL: |  1  2  3  4  5 |
---------------+----------------+-----
Polearms       | 4 5 |  5.5
Dodging        | 2 3 4 |  4.2
Spellcasting   | 3 |  3.3
Charms         | 4 |  4.5
Fighting       | |  2.1
Armour         | |  0.6

Action                   |  1- 3 |  4- 6 || total
-------------------------+-------+-------++-------
Melee: Spear             |   101 |    32 ||   133
       Trident           |       |   196 ||   196
 Cast: Infusion          |     2 |     8 ||    10
  Use: Scroll            |     1 |     6 ||     7
 Stab: Sleeping          |     2 |     1 ||     3
  Eat: Chunk             |     1 |     6 ||     7
Armor: Leather armour    |    23 |    66 ||    89
Dodge: Dodged            |    40 |   183 ||   223
